| TOP OF THE 1ST |
|
Charlotte Knights batting - Pitching for Florida Marlins : RHP Roger Clemens
|
|
Pitching: RHP Roger Clemens
|
|
|
Batting: RHB Chuck Knoblauch
|
0-0: Ball 1-0: Swinging Strike 1-1: Ball 2-1: Fly out, F8 (Flyball, 8RM, EV 88.1 MPH)
|
|
Batting: LHB Jason Giambi
|
0-0: Ball 1-0: Ball 2-0: SINGLE (Groundball, 34D, EV 100.0 MPH)
|
|
Batting: SHB Carl Everett
|
0-0: Swinging Strike 0-1: Ball 1-1: Foul Ball, location: 2F 1-2: Foul Ball, location: 2F 1-2: Ball 2-2: Strikes out swinging
|
|
Batting: RHB Nomar Garciaparra
|
0-0: Called Strike 0-1: Foul Ball, location: 2F 0-2: Ball 1-2: Ball 2-2: Ball 3-2: Fly out, F6 (Popup, 56, EV 55.6 MPH)
|
| Top of the 1st over - 0 runs, 1 hit, 0 errors, 1 left on base; Charlotte 0 - Florida 0 |
| BOTTOM OF THE 1ST |
|
Florida Marlins batting - Pitching for Charlotte Knights : RHP Erik Hanson
|
|
Pitching: RHP Erik Hanson
|
|
|
Batting: LHB Mickey Morandini
|
0-0: Ball 1-0: Foul Ball, location: 2F 1-1: Called Strike 1-2: Strikes out swinging
|
|
Batting: LHB Craig Counsell
|
0-0: Called Strike 0-1: Ball 1-1: Swinging Strike 1-2: Fly out, F4 (Flyball, 4D, EV 89.4 MPH)
|
|
Batting: SHB Bobby Bonilla
|
0-0: Called Strike 0-1: Swinging Strike 0-2: Ground out 6-3 (Groundball, 6, EV 81.3 MPH)
|
| Bottom of the 1st over - 0 runs, 0 hits, 0 errors, 0 left on base; Charlotte 0 - Florida 0 |
| TOP OF THE 2ND |
|
Charlotte Knights batting - Pitching for Florida Marlins : RHP Roger Clemens
|
|
Batting: RHB Tony Batista
|
0-0: Ball 1-0: Fly out, F8 (Flyball, 8RM, EV 87.5 MPH)
|
|
Batting: RHB Todd Zeile
|
0-0: Ball 1-0: Called Strike 1-1: Ball 2-1: Foul Ball, location: 2F 2-2: Ball 3-2: Fly out, F7 (Flyball, 7S, EV 97.5 MPH)
|
|
Batting: RHB Mark Carreon
|
0-0: Called Strike 0-1: Called Strike 0-2: Strikes out swinging, 2-3 out at first.
|
| Top of the 2nd over - 0 runs, 0 hits, 0 errors, 0 left on base; Charlotte 0 - Florida 0 |
| BOTTOM OF THE 2ND |
|
Florida Marlins batting - Pitching for Charlotte Knights : RHP Erik Hanson
|
|
Batting: RHB Richie Sexson
|
0-0: Foul Ball, location: 2F 0-1: Ball 1-1: Swinging Strike 1-2: Strikes out looking
|
|
Batting: RHB Charles Johnson
|
0-0: Ball 1-0: Ball 2-0: Called Strike 2-1: Ball 3-1: Swinging Strike 3-2: Base on Balls
|
|
Batting: RHB Rondell White
|
0-0: Ball 1-0: Ball 2-0: Swinging Strike 2-1: Fly out, F9 (Line Drive, 9, EV 88.1 MPH)
|
|
Batting: RHB Pedro Munoz
|
0-0: Ball 1-0: Called Strike 1-1: Foul Ball, location: 2F 1-2: Strikes out swinging
|
| Bottom of the 2nd over - 0 runs, 0 hits, 0 errors, 1 left on base; Charlotte 0 - Florida 0 |
| TOP OF THE 3RD |
|
Charlotte Knights batting - Pitching for Florida Marlins : RHP Roger Clemens
|
|
Batting: RHB Ruben Rivera
|
0-0: Called Strike 0-1: Ground out 4-3 (Groundball, 4, EV 90.6 MPH)
|
|
Batting: LHB Lenny Dykstra
|
0-0: Swinging Strike 0-1: Called Strike 0-2: Strikes out swinging
|
|
Batting: RHB Chuck Knoblauch
|
0-0: Ball 1-0: Ground out 1-3 (Groundball, 13, EV 64.4 MPH)
|
| Top of the 3rd over - 0 runs, 0 hits, 0 errors, 0 left on base; Charlotte 0 - Florida 0 |
| BOTTOM OF THE 3RD |
|
Florida Marlins batting - Pitching for Charlotte Knights : RHP Erik Hanson
|
|
Batting: RHB Tony Barron
|
0-0: Foul Ball, location: 2F 0-1: Fly out, F9 (Flyball, 89S, EV 81.9 MPH)
|
|
Batting: SHB F P Santangelo
|
0-0: Fly out, F7 (Flyball, 7LM, EV 81.3 MPH)
|
|
Batting: LHB Mickey Morandini
|
0-0: Ball 1-0: Called Strike 1-1: Ball 2-1: Fly out, F9 (Line Drive, 9D, EV 93.8 MPH)
|
| Bottom of the 3rd over - 0 runs, 0 hits, 0 errors, 0 left on base; Charlotte 0 - Florida 0 |
| TOP OF THE 4TH |
|
Charlotte Knights batting - Pitching for Florida Marlins : RHP Roger Clemens
|
|
Batting: LHB Jason Giambi
|
0-0: Swinging Strike 0-1: Foul Ball, location: 2F 0-2: Foul Ball, location: 2F 0-2: Ball 1-2: Strikes out swinging
|
|
Batting: SHB Carl Everett
|
0-0: Fly out, F7 (Flyball, 7, EV 85.0 MPH)
|
|
|
|
|
Batting: RHB Nomar Garciaparra
|
0-0: Foul Ball, location: 2F 0-1: Ball 1-1: SINGLE (Groundball, 6MD, EV 101.9 MPH)
|
|
Batting: RHB Tony Batista
|
0-0: Ball Pickoff Throw to First - Out! 1-3
|
| Top of the 4th over - 0 runs, 1 hit, 0 errors, 0 left on base; Charlotte 0 - Florida 0 |
| BOTTOM OF THE 4TH |
|
Florida Marlins batting - Pitching for Charlotte Knights : RHP Erik Hanson
|
|
Batting: LHB Craig Counsell
|
0-0: Ball 1-0: Ground out 4-3 (Groundball, 34D, EV 100.6 MPH)
|
|
Batting: SHB Bobby Bonilla
|
0-0: Called Strike 0-1: Foul Ball, location: 2F 0-2: Ball 1-2: Foul Ball, location: 2F 1-2: Fly out, F7 (Flyball, 78D, EV 91.9 MPH)
|
|
Batting: RHB Richie Sexson
|
0-0: Called Strike 0-1: Ball 1-1: Ball 2-1: SOLO HOME RUN (Line Drive, 7D, EV 100.6 MPH), Distance : 410 ft
|
|
Batting: RHB Charles Johnson
|
0-0: Swinging Strike 0-1: Ball 1-1: Ball 2-1: Ball 3-1: Called Strike 3-2: Foul Ball, location: 2F 3-2: Ground out 5-3 (Groundball, 56, EV 98.1 MPH)
|
| Bottom of the 4th over - 1 run, 1 hit, 0 errors, 0 left on base; Charlotte 0 - Florida 1 |
| TOP OF THE 5TH |
|
Charlotte Knights batting - Pitching for Florida Marlins : RHP Roger Clemens
|
|
Batting: RHB Tony Batista
|
0-0: Called Strike 0-1: Called Strike 0-2: Strikes out swinging
|
|
Batting: RHB Todd Zeile
|
0-0: Ball 1-0: Fly out, F8 (Flyball, 8LD, EV 96.9 MPH)
|
|
Batting: RHB Mark Carreon
|
0-0: Called Strike 0-1: Ball 1-1: Foul Ball, location: 2F 1-2: Ball 2-2: Ball 3-2: Foul Ball, location: 2F 3-2: Fly out, F6 (Line Drive, 6, EV 65.6 MPH)
|
| Top of the 5th over - 0 runs, 0 hits, 0 errors, 0 left on base; Charlotte 0 - Florida 1 |
| BOTTOM OF THE 5TH |
|
Florida Marlins batting - Pitching for Charlotte Knights : RHP Erik Hanson
|
|
Batting: RHB Rondell White
|
0-0: Called Strike 0-1: Foul Ball, location: 2F 0-2: Ball 1-2: Foul Ball, location: 2F 1-2: Ball 2-2: Ball 3-2: Strikes out looking
|
|
Batting: RHB Pedro Munoz
|
0-0: Called Strike 0-1: Called Strike 0-2: Ball 1-2: Fly out, F8 (Line Drive, 8LD, EV 98.1 MPH)
|
|
Batting: RHB Tony Barron
|
0-0: Called Strike 0-1: Called Strike 0-2: Strikes out swinging
|
| Bottom of the 5th over - 0 runs, 0 hits, 0 errors, 0 left on base; Charlotte 0 - Florida 1 |
| TOP OF THE 6TH |
|
Charlotte Knights batting - Pitching for Florida Marlins : RHP Roger Clemens
|
|
Batting: RHB Ruben Rivera
|
0-0: Called Strike 0-1: Ball 1-1: Foul Ball, location: 2F 1-2: Strikes out swinging
|
|
Batting: LHB Lenny Dykstra
|
0-0: Called Strike 0-1: Swinging Strike 0-2: Ground out 1-3 (Groundball, 15S, EV 73.1 MPH)
|
|
Batting: RHB Chuck Knoblauch
|
0-0: Ball 1-0: Swinging Strike 1-1: Foul Ball, location: 2F 1-2: Ball 2-2: Strikes out looking
|
| Top of the 6th over - 0 runs, 0 hits, 0 errors, 0 left on base; Charlotte 0 - Florida 1 |
| BOTTOM OF THE 6TH |
|
Florida Marlins batting - Pitching for Charlotte Knights : RHP Erik Hanson
|
|
Batting: SHB F P Santangelo
|
0-0: Ball 1-0: Ground out 4-3 (Groundball, 4, EV 88.1 MPH)
|
|
Batting: LHB Mickey Morandini
|
0-0: Ball 1-0: Ball 2-0: Called Strike 2-1: Ball 3-1: Foul Ball, location: 2F 3-2: Foul Ball, location: 2F 3-2: Base on Balls
|
|
Batting: LHB Craig Counsell
|
0-0: Swinging Strike 0-1: Foul Ball, location: 2F 0-2: Fielders Choice at 2nd, 3-6 (Groundball, 3, EV 90.6 MPH)
|
|
Batting: SHB Bobby Bonilla
|
0-0: Ball 1-0: Fly out, F5 (Popup, 56, EV 71.3 MPH)
|
| Bottom of the 6th over - 0 runs, 0 hits, 0 errors, 1 left on base; Charlotte 0 - Florida 1 |
| TOP OF THE 7TH |
|
Charlotte Knights batting - Pitching for Florida Marlins : RHP Roger Clemens
|
|
Batting: LHB Jason Giambi
|
0-0: Called Strike 0-1: Foul Ball, location: 2F 0-2: Ball 1-2: Foul Ball, location: 2F 1-2: DOUBLE (Flyball, 8LXD, EV 90.6 MPH)
|
|
Batting: SHB Carl Everett
|
0-0: Called Strike 0-1: Ball 1-1: Foul Ball, location: 2F 1-2: Ball 2-2: Ball 3-2: SINGLE (Groundball, 6D, EV 98.1 MPH) Jason Giambi to third
|
|
Batting: RHB Nomar Garciaparra
|
0-0: Ball 1-0: Foul Ball, location: 2F 1-1: SINGLE (Groundball, 3, EV 96.3 MPH) (infield hit) Jason Giambi scores Carl Everett to second
|
|
Batting: RHB Tony Batista
|
0-0: Ball 1-0: Fly out, F9 (Line Drive, 9, EV 91.3 MPH)
|
|
Batting: RHB Todd Zeile
|
0-0: Ball 1-0: Called Strike 1-1: Swinging Strike 1-2: Fly out, F8 (Flyball, 8LM, EV 85.6 MPH) Runner from 2nd tags up, SAFE at 3rd with throw by CF
|
|
Batting: RHB Mark Carreon
|
0-0: Ball 1-0: Called Strike 1-1: Called Strike 1-2: Fly out, F9 (Line Drive, 9, EV 96.9 MPH)
|
| Top of the 7th over - 1 run, 3 hits, 0 errors, 2 left on base; Charlotte 1 - Florida 1 |
| BOTTOM OF THE 7TH |
|
Florida Marlins batting - Pitching for Charlotte Knights : RHP Erik Hanson
|
|
Batting: RHB Richie Sexson
|
0-0: Foul Ball, location: 2F 0-1: Swinging Strike 0-2: Ball 1-2: Ground out 4-3 (Groundball, 4, EV 86.9 MPH)
|
|
Batting: RHB Charles Johnson
|
0-0: Ball 1-0: Ball 2-0: Ball 3-0: Called Strike 3-1: Called Strike 3-2: Fly out, F7 (Line Drive, 7, EV 92.5 MPH)
|
|
Batting: RHB Rondell White
|
0-0: Foul Ball, location: 2F 0-1: Fly out, F3 (Line Drive, 3, EV 74.4 MPH)
|
| Bottom of the 7th over - 0 runs, 0 hits, 0 errors, 0 left on base; Charlotte 1 - Florida 1 |
| TOP OF THE 8TH |
|
Charlotte Knights batting - Pitching for Florida Marlins : RHP Roger Clemens
|
|
Batting: RHB Ruben Rivera
|
0-0: Foul Ball, location: 2F 0-1: Called Strike 0-2: Ball 1-2: Ball 2-2: SINGLE (Line Drive, 7LS, EV 98.1 MPH)
|
|
Pitching: RHP Paul Shuey
|
|
|
Batting: LHB Lenny Dykstra
|
0-0: Ball 1-0: Bunt missed! 1-1: Bunt missed! 1-2: Ball 2-2: Ball 3-2: Base on Balls Ruben Rivera to second
|
|
Batting: RHB Chuck Knoblauch
|
0-0: Ball 1-0: Ball 2-0: Fly out, F7 (Flyball, 7, EV 85.0 MPH)
|
|
Batting: LHB Jason Giambi
|
0-0: 3-RUN HOME RUN (Flyball, 89XD, EV 96.3 MPH), Distance : 390 ft
|
|
Batting: SHB Carl Everett
|
0-0: Called Strike 0-1: Called Strike 0-2: Strikes out swinging
|
|
Batting: RHB Nomar Garciaparra
|
0-0: SOLO HOME RUN (Flyball, 78XD, EV 92.5 MPH), Distance : 397 ft
|
|
Batting: RHB Tony Batista
|
0-0: Ball 1-0: Ball 2-0: Ball 3-0: Called Strike 3-1: Swinging Strike 3-2: Fly out, F8 (Flyball, 89M, EV 96.9 MPH)
|
| Top of the 8th over - 4 runs, 3 hits, 0 errors, 0 left on base; Charlotte 5 - Florida 1 |
| BOTTOM OF THE 8TH |
|
Florida Marlins batting - Pitching for Charlotte Knights : RHP Erik Hanson
|
|
Batting: RHB Pedro Munoz
|
0-0: Ball 1-0: Ball 2-0: SOLO HOME RUN (Flyball, 7D, EV 98.8 MPH), Distance : 385 ft
|
|
Batting: RHB Tony Barron
|
0-0: Called Strike 0-1: Ball 1-1: Swinging Strike 1-2: Ball 2-2: Fly out, F4 (Popup, 34S, EV 86.9 MPH)
|
|
Pitching: RHP Todd Worrell
|
|
|
Now at 1B: David Segui
|
|
|
Now at 3B: Neifi Perez
|
|
|
Now in RF: Orlando Merced
|
|
|
Batting: SHB F P Santangelo
|
0-0: Swinging Strike 0-1: Ball 1-1: Foul Ball, location: 2F 1-2: SINGLE (Groundball, 56D, EV 96.9 MPH)
|
|
Batting: LHB Mickey Morandini
|
0-0: Ball 1-0: Fielders Choice at 2nd, 4-6 (Groundball, 4S, EV 90.0 MPH)
|
|
Batting: LHB Craig Counsell
|
0-0: Ball 1-0: Called Strike 1-1: Foul Ball, location: 2F 1-2: Ground out 4-3 (Groundball, 4, EV 84.4 MPH)
|
| Bottom of the 8th over - 1 run, 2 hits, 0 errors, 1 left on base; Charlotte 5 - Florida 2 |
| TOP OF THE 9TH |
|
Charlotte Knights batting - Pitching for Florida Marlins : RHP Paul Shuey
|
|
Batting: RHB Todd Zeile
|
0-0: Ball 1-0: Ball 2-0: Called Strike 2-1: Ball 3-1: Foul Ball, location: 2F 3-2: Base on Balls
|
|
Pitching: LHP Terrell Wade
|
|
|
Batting: RHB Mark Carreon
|
0-0: Called Strike 0-1: Ball 1-1: Ball 2-1: Foul Ball, location: 2F 2-2: Foul Ball, location: 2F 2-2: Foul Ball, location: 2F 2-2: Strikes out swinging
|
|
Batting: RHB Ruben Rivera
|
0-0: Ball 1-0: Ball 2-0: Foul Ball, location: 2F 2-1: Called Strike 2-2: Ball 3-2: Fly out, F6 (Popup, 6, EV 65.0 MPH)
|
|
Batting: SHB Orlando Merced
|
0-0: Ball 1-0: Fly out, F8 (Flyball, 8LS, EV 87.5 MPH)
|
| Top of the 9th over - 0 runs, 0 hits, 0 errors, 1 left on base; Charlotte 5 - Florida 2 |
| BOTTOM OF THE 9TH |
|
Florida Marlins batting - Pitching for Charlotte Knights : RHP Todd Worrell
|
|
Batting: SHB Bobby Bonilla
|
0-0: Ball 1-0: Fly out, F7 (Flyball, 7D, EV 105.0 MPH)
|
|
Batting: RHB Richie Sexson
|
0-0: Fly out, F7 (Flyball, 78XD, EV 95.0 MPH)
|
|
Batting: RHB Charles Johnson
|
0-0: Ball 1-0: Ball 2-0: Foul Ball, location: 2F 2-1: Foul Ball, location: 2F 2-2: Fly out, F9 (Flyball, 9S, EV 95.6 MPH)
|
| Bottom of the 9th over - 0 runs, 0 hits, 0 errors, 0 left on base; Charlotte 5 - Florida 2 |
 |
|
Wednesday, February 4th, 2026 - OOTP Baseball 20.8 Build 74
|
|